[Event "Early-Titled-Tuesday-Blitz-February-13-2024"]
[Site "Chess.com"]
[Date "2024.02.13"]
[Round "6"]
[White "edgarhay012"]
[Black "sokidze"]
[Result "0-1"]
[WhiteElo "2622"]
[BlackElo "2831"]
[TimeControl "180+1"]
[EndTime "9:11:24 PST"]
[Termination "sokidze won by resignation"]

1. e4 c6 2. d4 d5 3. Nc3 dxe4 4.
Nxe4 Bf5 5. Ng3 Bg6 6. h4 h6 7. h5 Bh7 8. Nf3 e6 9. Bd3 Bxd3 10. Qxd3 Nf6 11. Bd2 Be7 12. O-O-O c5 13. Be3 Nc6 14. dxc5 Qa5 15. Kb1 Bxc5 16. Ne4 Nxe4 17. Qxe4 Bxe3 18.
Qxe3 O-O 19. Rd7 Nb4 20. a3 Nd5 21. Qb3 b5 22. Ne5 Rac8 23. Rd1 Rc7 24. Rxc7 Qxc7 25. Nf3 Rc8 26. Rd2 a6 27. g3 Nf6 28. Qd3 Nxh5 29. Qd6 Qb7 30. Ne5 Nf6 31. f3 Nd5 32. g4 Qc7 33. Qxc7 Rxc7 34. Nd3 Rc4 35. Re2 Nf4 36. Rd2 Nxd3 37. Rxd3 Rc6 38. c3 g6 39. Kc2 Kg7 40. Kd2 f5 41. Ke3 Kf6 42. Kf4 e5+ 43. Ke3 h5 44.
gxh5 gxh5 45. Rd8 Kg5 46. Rg8+ Rg6 47. Rf8 h4 48. Kf2 Rh6 49. Rg8+ Kf4 50. Rg1 h3 51. Rh1 h2 52. b3 Rh3 53. Ke2 Rxf3 54. Rxh2 Rxc3 55.
Rh6 Rxb3 56. Rxa6 e4 57. Ra5 Rb2+ 58. Kd1 Ke3 59. a4 bxa4 60. Rxf5 a3 61. Ra5 a2 62.
Kc1 Rb1+ 63. Kc2 a1=Q 0-1

[Event "Early-Titled-Tuesday-Blitz-February-13-2024"]
[Site "Chess.com"]
[Date "2024.02.13"]
[Round "6"]
[White "NelsonLinda"]
[Black "Elegance_Riks"]
[Result "1-0"]
[WhiteElo "2584"]
[BlackElo "2763"]
[TimeControl "180+1"]
[EndTime "9:11:27 PST"]
[Termination "NelsonLinda won by resignation"]

1. Nf3 Nf6 2. d4 g6 3. Nc3 Bg7 4.
e4 d6 5. Bd3 c6 6. a4 a5 7. O-O O-O 8. Re1 Qc7 9. h3 e5 10.
Be3 Na6 11. Qd2 Nb4 12. Bc4 b6 13. Rac1 Ba6 14. Bb3 Rad8 15. Bh6 Nh5 16. Bxg7 Kxg7 17. dxe5 dxe5 18. Qg5 Rde8 19. Nh4 Bc8 20. Nf5+ Kh8 21.
Rcd1 f6 22. Qh4 Nf4 23. Ne3 Qe7 24. Ne2 Ne6 25. c3 Na6 26. Nc4 Nac5 27. Bc2 Qc7 28. Ng3 Nf4 29. Ne2 Nxe2+ 30. Rxe2 Ba6 31. b3 Nxa4 32.
bxa4 Bxc4 33. Red2 Re7 34. Rd6 Kg7 35. g4 h6 36. Qg3 g5 37. h4 b5 38. Qe3 Bg8 39. hxg5 hxg5 40. Qc5 bxa4 41. Rxc6 Qa7 42. Qxa7 Rxa7 43.
Bxa4 Rff7 44. Rdd6 Rf8 45. c4 Bf7 46. c5 Rb8 47.
Rxf6 Rb4 48. Bc2 a4 49. Ra6 Rxa6 50. Rxa6 Rc4 51. Bxa4 Rxc5 52. Kg2 Rc1 53. Ra7 Kf6 54. Bb5 Be6 55. Kg3 Rc3+ 56. f3 Bb3 57. Ra6+ Kg7 58. Ra3 Kf6 59. Ba4 Rxf3+ 60. Kxf3 Bxa4 61. Rxa4 Ke6 62. Ra6+ Kd7 63. Ke3 Kc7 64. Rg6 Kb7 65. Rxg5 Kc7 66.
Rf5 1-0

[Event "Early-Titled-Tuesday-Blitz-February-13-2024"]
[Site "Chess.com"]
[Date "2024.02.13"]
[Round "6"]
[White "HeroWilczek"]
[Black "M1711"]
[Result "1/2-1/2"]
[WhiteElo "2488"]
[BlackElo "2644"]
[TimeControl "180+1"]
[EndTime "9:11:27 PST"]
[Termination "Game drawn by repetition"]

1. e4 e6 2. d3 Nc6 3. Nf3 a6 4. g3 Be7 5. Bg2 g5 6. Nc3 h5 7. h4 g4 8. Ng1 Nf6 9. Nge2 d5 10.
exd5 exd5 11. Bg5 d4 12. Ne4 Nxe4 13. Bxe7 Qxe7 14. Bxe4 Bd7 15. Qd2 O-O-O 16. O-O-O f5 17. Bg2 Qc5 18. Rhe1 Be6 19. a3 Bd5 20. Bxd5 Qxd5 21. Kb1 Ne5 22. Nf4 Qd6 23. Rxe5 Qxe5 24. Ng6 Qb5 25. Nxh8 Rxh8 26. Re1 Re8 27. Re2 Rxe2 28. Qxe2 Kd7 29. Qd2 Qe5 30. Qh6 Qe1+ 31. Ka2 Qxf2 32. Qxh5 Kc6 33. Qg6+ Kc5 34. h5 Qxg3 35. Qxf5+ Kb6 36.
h6 Qh4 37. h7 g3 38. Qg6+ c6 39. Qg7 g2 40. h8=Q Qxh8 41. Qxh8 g1=Q 42. Qd8+ Ka7 43.
Qd6 Qg7 44. Qc5+ Kb8 45. Qd6+ Kc8 46. Qe6+ Qd7 47. Qe4 Qd6 48. b3 Qc5 49. Qg4+ Kb8 50.
Qf4+ Ka7 51. Kb2 Qc3+ 52. Kb1 Qe1+ 53. Kb2 Qc3+ 54. Kb1 a5 55. a4 Qc5 56. Qe4 Qb4 57.
Kb2 Ka6 58. Qe5 Qc3+ 59. Kb1 Kb6 60. Qe8 Ka7 61. Qd8 Qc5 62. Qd7 Kb6 63. Qd8+ Ka7 64. Qd7 Qb6 65. Qd6 Ka6 66. Qd7 Qc5 67. Qc8 Ka7 68. Qd7 1/2-1/2

[Event "Early-Titled-Tuesday-Blitz-February-13-2024"]
[Site "Chess.com"]
[Date "2024.02.13"]
[Round "6"]
[White "chessdjw"]
[Black "ama18"]
[Result "0-1"]
[WhiteElo "2742"]
[BlackElo "2578"]
[TimeControl "180+1"]
[EndTime "9:11:34 PST"]
[Termination "ama18 won by resignation"]

1. e4 c5 2. Nf3 d6 3. d4 cxd4 4. Nxd4 Nf6 5. Nc3 a6 6. h3 Bd7 7. g4 g6 8. Be3 Nc6 9. Qd2 Nxd4 10. Bxd4 Bg7 11. O-O-O O-O 12. Kb1 b5 13. g5 Nh5 14.
Bxg7 Nxg7 15. h4 Be6 16. Be2 b4 17. Nd5 Bxd5 18. exd5 Qb6 19. Rh2 a5 20. h5 a4 21.
b3 axb3 22. cxb3 Ra5 23. Bg4 Rfa8 24. hxg6 fxg6 25. Qe2 e5 26. dxe6 Rxa2 27. Qxa2 Rxa2 28. Kxa2 Qa5+ 29. Kb1 Qxg5 30. f3 Qe5 31. Rc2 h5 32. Bh3 Nxe6 33. Rc8+ Kg7 34. Re8 Qc3 35. Bxe6 Qxf3 36.
Rc1 Qe4+ 37. Rc2 Qe1+ 38. Ka2 Qe5 39. Bf7 Qa5+ 40. Kb1 Kxf7 41. Re1 Kg7 42. Rf2 Qd5 43. Rc2 Qxb3+ 44. Kc1 Qa3+ 45. Kb1 b3 46. Rce2 d5 47. Rg1 Qd6 48. Reg2 d4 49. Kb2 Qe6 50. Rd2 Kh6 51.
Rxd4 Qf6 52. Rd1 h4 53. Kxb3 Kh5 54. Rd5+ g5 55. Kc4 Qf4+ 56. Kc5 Qf2+ 57. Kd6 h3 58. Rh1 Qf4+ 59. Kd7 Kh4 60. Rd6 g4 61. Rh6+ Qxh6 62. Rg1 Qe3 63. Rh1 Qd3+ 64. Ke6 Qe4+ 65. Kf6 Qxh1 66.
Kg6 h2 67. Kh6 Qg2 68. Kg6 h1=Q 69. Kh6 Qhf1 70. Kg6 Qc6+ 71. Kg7 Qff6+ 72. Kh7 Qd7+ 0-1

[Event "Early-Titled-Tuesday-Blitz-February-13-2024"]
[Site "Chess.com"]
[Date "2024.02.13"]
[Round "6"]
[White "giomar27"]
[Black "Sl4werThanYou"]
[Result "1/2-1/2"]
[WhiteElo "2477"]
[BlackElo "2638"]
[TimeControl "180+1"]
[EndTime "9:11:36 PST"]
[Termination "Game drawn by repetition"]

1. d4 Nf6 2. Nc3 g6 3. Bf4 Bg7 4. e3 d6 5. h4 O-O 6. h5 Nc6 7.
Nf3 Bg4 8. hxg6 hxg6 9. Be2 Re8 10. d5 Bxf3 11. Bxf3 Ne5 12. Be2 e6 13. dxe6 Rxe6 14.
Qd2 d5 15. O-O-O c6 16. Bh6 Qf8 17. f4 Neg4 18. Bxg7 Kxg7 19. Bxg4 Nxg4 20. Rh3 Qc5 21. f5 gxf5 22. Na4 Qc4 23. b3 Qe4 24. Rdh1 Qe5 25. Kb1 Rh6 26. Rxh6 Nxh6 27. e4 f4 28. exd5 cxd5 29.
Nc5 Qf6 30. Nd3 Qd4 31. Qe2 Rh8 32. Qh5 Qf6 33. Ne5 Kg8 34. Nf3 Qg6 35. Qxd5 Kg7 36. Rh5 Qf6 37. Rg5+ Kf8 38. Qc5+ Qe7 39. Qc8+ Qe8 40. Qc7 Rg8 41. Re5 Qc6 42. Qd8+ Kg7 43. Qd4 Kh7 44. Ng5+ Kg6 45. Qd3+ f5 46. Re6+ Kxg5 47.
Rxc6 bxc6 48. Qc4 Rg6 49. a4 Kh5 50. Qxf4 Rxg2 51. Qf3+ Rg4 52. Qxc6 f4 53. b4 Rg3 54.
Qe8+ Kg5 55. Qe5+ Kg4 56. Qe6+ Kg5 57. Qd5+ Nf5 58. Qg8+ Kh4 59. Qh7+ Kg4 60. Qg6+ Kf3 61.
Qxf5 Ke3 62. b5 f3 63. Qe5+ Kf2 64. a5 Kg2 65. Qe4 Kg1 66. Qe3+ Kg2 67. b6 axb6 68. axb6 f2 69. Qe4+ Kg1 70. Qd4 Kg2 71. Qd2 Kg1 72. Qd4 Kg2 73. Qd2 Kg1 74. Qd4 1/2-1/2

[Event "Early-Titled-Tuesday-Blitz-February-13-2024"]
[Site "Chess.com"]
[Date "2024.02.13"]
[Round "6"]
[White "malakismayil"]
[Black "bylavochka"]
[Result "1-0"]
[WhiteElo "2519"]
[BlackElo "2321"]
[TimeControl "180+1"]
[EndTime "9:11:38 PST"]
[Termination "malakismayil won by checkmate"]

1. e4 c5 2. Nf3 d6 3. Bb5+ Bd7 4. Bxd7+ Qxd7 5. O-O Nc6 6. c4 g6 7. d4 cxd4 8. Nxd4 Bg7 9. Be3 Nf6 10. Nc3 Ng4 11. h3 Nxe3 12. fxe3 Ne5 13. b3 O-O 14. Rc1 Rac8 15. Nd5 Qd8 16. Qd2 e6 17. Nc3 a6 18.
Rfd1 Qe7 19. Nde2 Rfd8 20. Rf1 Qg5 21. Kh1 Bh6 22. Nf4 Qg3 23. Rcd1 Rd7 24. Nce2 Qh4 25. Nd4 Rcd8 26. Qf2 Qe7 27. Rd2 Nc6 28. Rfd1 e5 29.
Nd5 Qg5 30. Nf6+ Kg7 31. Nxc6 bxc6 32. Nxd7 Rxd7 33. Rxd6 Rxd6 34. Rxd6 Qxe3 35. Qxe3 Bxe3 36. Rxc6 f5 37. exf5 gxf5 38. Rxa6 Bd4 39. g3 h5 40. Kg2 h4 41. gxh4 e4 42. Rd6 Be5 43. Re6 Bf6 44. h5 Kf7 45. Rxf6+ Kxf6 46. c5 Ke5 47. h6 f4 48. h7 f3+ 49. Kf2 Kf4 50. h8=Q e3+ 51. Kf1 Kg3 52. Qg7+ Kf4 53. Qf6+ Ke4 54. Qe6+ Kf4 55. Qxe3+ Kxe3 56. c6 Kf4 57. c7 Ke3 58.
c8=Q Kf4 59. Qg4+ Ke3 60. Qxf3+ Kxf3 61. b4 Ke4 62. h4 Kd5 63. h5 Ke5 64. h6 Kf6 65. b5 Kg6 66. b6 Kxh6 67. b7 Kg5 68. b8=Q Kf5 69. a4 Ke4 70. a5 Kd3 71. a6 Ke4 72. a7 Kf5 73. a8=Q Ke6 74. Qe4+ Kf6 75. Qf8+ Kg5 76. Qg2+ Kh5 77. Qf5+ Kh6 78. Qgg5# 1-0

[Event "Early-Titled-Tuesday-Blitz-February-13-2024"]
[Site "Chess.com"]
[Date "2024.02.13"]
[Round "6"]
[White "KbzasDavid16"]
[Black "KacperKacprzak"]
[Result "0-1"]
[WhiteElo "2550"]
[BlackElo "2741"]
[TimeControl "180+1"]
[EndTime "9:11:39 PST"]
[Termination "KacperKacprzak won on time"]

1. d4 Nf6 2. Nf3 d5 3. g3 c5 4. Bg2 cxd4 5. O-O e6 6. b3 Nc6 7. Nxd4 Bc5 8. Bb2 O-O 9. Nxc6 bxc6 10. c4 a5 11. Nc3 Ba6 12. Na4 Be7 13. Qc2 Rc8 14. c5 Nd7 15. Rfd1 Bb5 16. Ba3 Bxa4 17. bxa4 Qc7 18. e4 Qa7 19. Rac1 Ne5 20. Bf1 Rfd8 21. Bb2 Nd7 22. exd5 exd5 23. Bd4 Rb8 24. Bh3 Nf8 25.
Qf5 Ne6 26. Be3 Rb4 27. Qe5 Bf6 28. Qh5 Re8 29. Rb1 Qb7 30. Rxb4 Qxb4 31. Qf5 Qxa4 32.
Rb1 Qxa2 33. Rb6 d4 34. Bf4 Qa4 35. Rb7 Qc4 36. Bg4 Qxc5 37. Qe4 Qd5 38. Qxd5 cxd5 39.
Ra7 Nxf4 40. gxf4 g6 41. Rxa5 Re4 42. Rxd5 Rxf4 43. f3 h5 44. Bh3 Rxf3 45. Bg2 Rc3 46. Be4 Rc7 47. Kg2 Kg7 48. Rd8 Be5 49. Re8 Bf4 50. Rd8 f5 51. Bf3 Be5 52. Rd5 Kf6 53.
h3 h4 54. Kf2 Rc2+ 55. Ke1 g5 56. Rd8 Rh2 57. Rf8+ Ke6 58. Rg8 Bf4 59. Rg6+ Ke5 60. Rg8 Be3 61. Re8+ Kf4 62. Bd5 Rxh3 63. Rf8 Kg4 64.
Be6 Rf3 65. Ke2 h3 66. Rh8 Kg3 67. Rxh3+ Kxh3 68. Kxf3 g4+ 69. Ke2 f4 70. Kd3 f3 71.
Ke4 Kg3 72. Kd3 Kf4 73. Bf7 g3 0-1

[Event "Early-Titled-Tuesday-Blitz-February-13-2024"]
[Site "Chess.com"]
[Date "2024.02.13"]
[Round "6"]
[White "Kotofeyca"]
[Black "NM_Antelacus"]
[Result "1/2-1/2"]
[WhiteElo "2415"]
[BlackElo "2252"]
[TimeControl "180+1"]
[EndTime "9:11:40 PST"]
[Termination "Game drawn by repetition"]

1. d4 Nf6 2. c4 e6 3. Nf3 d5 4. Nc3 Nbd7 5. cxd5 exd5 6. Bg5 c6 7. Qc2 Be7 8. e3 O-O 9. Bd3 Re8 10. O-O Nf8 11. Rab1 Ne4 12. Bf4 Bf5 13. Nxe4 dxe4 14. Bxe4 Bxe4 15. Qxe4 Bd6 16. Qf5 g6 17. Qg5 f6 18.
Qg3 Bxf4 19. Qxf4 Ne6 20. Qh4 Kg7 21. a3 Nc7 22. Rfe1 Qd5 23. e4 Qb3 24. e5 fxe5 25.
dxe5 Rf8 26. Nd4 Qf7 27. e6 Qf4 28. Qe7+ Kh8 29. Nf3 Rae8 30. Qd7 Rd8 31. Qe7 Rde8 32. Qc5 Nxe6 33. Qxa7 Ng5 34. Nxg5 Qxg5 35. Qxb7 Rxe1+ 36. Rxe1 Qd2 37. Rf1 c5 38. h3 c4 39. Qb5 Qc2 40. Qe5+ Kg8 41. Qe6+ Kg7 42. Qe5+ Kg8 43. h4 Rf5 44.
Qe6+ Kg7 45. Qe7+ Kg8 46. Qb4 Qe4 47. Qb8+ Kg7 48. Qc7+ Kg8 49. h5 Rxh5 50. Rd1 Rd5 51. Qb8+ Kf7 52. Qb7+ Ke6 53. Qxd5+ Qxd5 54. Rxd5 Kxd5 55. f4 Kd4 56. Kf2 Kd3 57. g4 Kc2 58.
f5 gxf5 59. gxf5 Kxb2 60. f6 c3 61. f7 c2 62. f8=Q c1=Q 63. Qb4+ Ka2 64. a4 Qc2+ 65. Ke3 Qc1+ 66. Kd4 Qf4+ 67. Kc5 Qf8+ 68. Kb5 Qb8+ 69. Kc4 Qf4+ 70. Kc3 Qe3+ 71. Kc4 Qf4+ 72. Kc5 Qf8+ 73.
Kb5 Qb8+ 74. Ka5 Qa7+ 75. Kb5 Qb8+ 1/2-1/2

[Event "Early-Titled-Tuesday-Blitz-February-13-2024"]
[Site "Chess.com"]
[Date "2024.02.13"]
[Round "6"]
[White "Chess4always"]
[Black "mary-sanna"]
[Result "1/2-1/2"]
[WhiteElo "1979"]
[BlackElo "2149"]
[TimeControl "180+1"]
[EndTime "9:11:45 PST"]
[Termination "Game drawn by stalemate"]

1. d4 d5 2. Nf3 Nf6 3. Bf4 c5 4. c3 Nc6 5. e3 Nh5 6. Bg3 Qb6 7.
Qb3 Nxg3 8. hxg3 c4 9. Qxb6 axb6 10. Be2 b5 11. O-O b4 12. a3 b3 13. Nbd2 Bf5 14.
Nh4 Bc2 15. Bd1 Bd3 16. Re1 e6 17. e4 O-O-O 18. exd5 Rxd5 19. Bf3 Rd7 20. Be4 Bxe4 21. Rxe4 b5 22. Nhf3 Bd6 23. a4 Ra7 24. Ree1 bxa4 25. Nxc4 Be7 26. Rxa4 Rxa4 27. Nb6+ Kb7 28. Nxa4 Ra8 29.
Nc5+ Bxc5 30. dxc5 Ra2 31. Re2 Na5 32. Nd4 e5 33. Rxe5 Rxb2 34. Re7+ Kc8 35. Rxf7 Rb1+ 36. Kh2 b2 37. Rf8+ Kd7 38. Rb8 Kc7 39. Rb5 Nc4 40.
Ne6+ Kc6 41. Nd4+ Kd5 42. c6+ Kd6 43. Nc2 Rc1 44. c7 Kxc7 45. Na3 Nxa3 46. Rxb2 Rxc3 47. Re2 Rd3 48. Re7+ Rd7 49. Re3 Nb5 50. g4 Nd4 51. f3 Kd6 52. Ra3 Ke5 53. Ra5+ Kf4 54. Ra3 g5 55. g3+ Ke5 56. Kg2 Rd6 57. Ra5+ Kf6 58. f4 Ne6 59. Rf5+ Kg6 60. Kh3 Rd3 61. Kh2 Rd2+ 62. Kh3 Rd3 63. Kh2 gxf4 64. gxf4 h6 65. Re5 Nxf4 66. Re4 Kg5 67. Ra4 Kxg4 68. Kg1 Kg3 69.
Ra1 h5 70. Kh1 h4 71. Rg1+ Kh3 72. Rf1 Kg4 73. Rg1+ Rg3 74. Rf1 h3 75. Rf2 Rf3 76.
Re2 Kg3 77. Re1 Ng2 78. Rg1 Kf2 79. Rb1 Re3 80. Rb2+ Kg3 81. Rb1 Re1+ 82. Rxe1 Nxe1 83. Kg1 Nf3+ 84. Kh1 Kf2 1/2-1/2

[Event "Early-Titled-Tuesday-Blitz-February-13-2024"]
[Site "Chess.com"]
[Date "2024.02.13"]
[Round "6"]
[White "miraitrunks"]
[Black "verrbaa"]
[Result "1/2-1/2"]
[WhiteElo "2195"]
[BlackElo "2480"]
[TimeControl "180+1"]
[EndTime "9:11:50 PST"]
[Termination "Game drawn - insufficient material"]

1. e4 c5 2. c3 d5 3. exd5 Qxd5 4. d4 Nf6 5. Na3 Qd8 6. dxc5 Qxd1+ 7. Kxd1 Ng4 8. Nh3 e5 9. Nb5 Na6 10. b4 Bd7 11. f3 Nf6 12. Bc4 O-O-O 13. Ke2 Bxh3 14. gxh3 Kb8 15. Bxf7 Nc7 16. Bc4 Ncd5 17. Bg5 a6 18. Bxd5 axb5 19. Bb3 Be7 20. Rad1 Kc7 21. c4 bxc4 22.
Bxc4 h6 23. Bxf6 Bxf6 24. a4 Rd4 25. Rxd4 exd4 26. f4 Re8+ 27. Kf3 Re3+ 28. Kf2 Rc3 29. Bd5 d3 30. Rd1 Bd4+ 31. Kf3 d2+ 32. Ke2 Be3 33. Bf3 Bxf4 34. Bg4 Ra3 35. Rf1 g5 36. h4 Rxa4 37. hxg5 hxg5 38. h4 Rxb4 39. h5 Re4+ 40. Kd1 Re7 41. Kc2 Kc6 42. Bf3+ Kxc5 43. Rb1 b5 44. Bd1 b4 45. Kd3 Rd7+ 46. Ke2 Re7+ 47. Kd3 Re3+ 48. Kc2 Rc3+ 49. Kb2 Rc1 50. h6 Rxb1+ 51. Kxb1 Be5 52. Kc2 Kd4 53. Kxd2 Kc4 54. h7 Bg7 55. Kc2 b3+ 56. Kb1 Kb4 57. Bg4 b2 58. Bf5 Kc5 59. Kc2 Kd4 60. Kd2 Ke5 61. Bg6 Kf4 62. Ke2 g4 63. Kf1 Bd4 64. Kg2 Ke3 65. Kg3 Kd2 66. Kxg4 Kc1 67.
Kg5 b1=Q 68. Bxb1 Kxb1 69. Kg6 Kc2 70. Kf7 Kd3 71. Kg8 Ke4 72. h8=Q Bxh8 1/2-1/2

[Event "Early-Titled-Tuesday-Blitz-February-13-2024"]
[Site "Chess.com"]
[Date "2024.02.13"]
[Round "6"]
[White "Yaacovn"]
[Black "ChessSkool"]
[Result "1/2-1/2"]
[WhiteElo "2924"]
[BlackElo "2701"]
[TimeControl "180+1"]
[EndTime "9:11:52 PST"]
[Termination "Game drawn by repetition"]

1. d4 d5 2. e3 Nf6 3. Bd3 c5 4. c3 Nc6 5. f4 Bg4 6. Nf3 e6 7.
O-O Bd6 8. Qe1 O-O 9. Ne5 Bf5 10.
Qe2 Bxd3 11. Nxd3 cxd4 12. exd4 Ne4 13. Nd2 f5 14. Nf3 b5 15. Bd2 Qb6 16. b4 a5 17.
a3 Rf7 18. Nc5 Nd8 19. Ng5 Rfa7 20. Qh5 g6 21. Qe2 axb4 22. cxb4 Rxa3 23. Rxa3 Rxa3 24.
Ngxe4 dxe4 25. Rc1 Be7 26. Be3 Ra8 27. Qc2 Qd6 28.
Qe2 Bf6 29. Rd1 Nc6 30. Qxb5 Bxd4 31. Kf1 Qd5 32. Qe2 Ra2 33. Qb5 Kg7 34. Nxe6+ Qxe6 35. Bxd4+ Nxd4 36. Rxd4 Qb3 37. Qd7+ Kh6 38. Rd2 Qc4+ 39.
Kf2 e3+ 40. Kxe3 Qe4+ 41. Kf2 Qxf4+ 42. Ke2 Qc4+ 43. Qd3 Rxd2+ 44. Kxd2 Qxb4+ 45. Ke2 Qg4+ 46. Kf2 Qf4+ 47. Ke2 Kg5 48. Qd7 Qe4+ 49. Kf2 Qh4+ 50. Kf3 Qg4+ 51. Kf2 Qf4+ 52. Ke2 Qe4+ 53. Kf2 Kh6 54.
Qd6 f4 55. Qf6 Qe3+ 56. Kf1 Qd3+ 57. Kf2 Qd2+ 58. Kf3 Qe3+ 59. Kg4 Qe2+ 60. Kxf4 Qf2+ 61. Ke5 Qb2+ 62. Ke6 Qb6+ 63. Kf7 Qb7+ 64. Qe7 Qd5+ 65. Kf8 Qf5+ 66. Kg8 Qd5+ 67. Qf7 Qd8+ 68. Qf8+ Qxf8+ 69.
Kxf8 Kg5 70. Kg7 h5 71. Kh7 h4 72. Kg7 Kf5 73. Kh6 g5 74. Kh5 Kf4 75. h3 Kf5 76.
Kh6 Kf6 77. Kh7 Kf7 78. Kh6 Kf6 79. Kh5 Kf5 80. Kh6 g4 81. Kh5 gxh3 82. gxh3 Kf6 83. Kxh4 Kg7 84. Kg5 Kh8 85. Kh5 Kg8 86. Kh6 Kh8 87.
Kg6 Kg8 88. Kg5 Kh8 89. Kh5 Kg8 90. Kg5 Kh8 1/2-1/2

[Event "Early-Titled-Tuesday-Blitz-February-13-2024"]
[Site "Chess.com"]
[Date "2024.02.13"]
[Round "6"]
[White "Oleksandr_Bortnyk"]
[Black "Igor_Lysyj"]
[Result "1-0"]
[WhiteElo "3072"]
[BlackElo "2856"]
[TimeControl "180+1"]
[EndTime "9:11:55 PST"]
[Termination "Oleksandr_Bortnyk won by checkmate"]

1. d4 d5 2. Nc3 Nf6 3. Bf4 c5 4. e4 Nxe4 5. Nxe4 dxe4 6. dxc5 Qa5+ 7. c3 Qxc5 8. Qa4+ Nc6 9. Qxe4 g6 10. Nf3 Bg7 11. Rd1 Bf5 12. Qa4 Qb6 13. Qa3 O-O 14.
Bc4 h6 15. O-O Rfd8 16. h3 Be4 17. Nd2 Bc2 18. Rc1 Bd3 19. Rfe1 Bxc4 20. Nxc4 Qb5 21. Qb3 Qxb3 22. axb3 b5 23. Ne3 e6 24. b4 a5 25.
bxa5 Nxa5 26. Rcd1 Nc6 27. Rxd8+ Rxd8 28. Ra1 b4 29. Ra6 Rc8 30. Nc4 bxc3 31. bxc3 g5 32. Nd6 Rb8 33. Bg3 Ne5 34. Ra7 Rb1+ 35. Kh2 Rc1 36. c4 h5 37. Ra5 Nxc4 38. Rxg5 Nd2 39. h4 Nf1+ 40. Kh3 Nxg3 41. Kxg3 Kf8 42. Rxh5 f5 43.
Nxf5 exf5 44. Rxf5+ Kg8 45. f4 Rc2 46. h5 Bh6 47.
Rf6 Kg7 48. Rg6+ Kh7 49. Kf3 Rc3+ 50. Kg4 Rc4 51. g3 Rc7 52. Rb6 Rg7+ 53. Kf3 Rf7 54. Rb4 Rf8 55. g4 Rf7 56. Kg3 Bf8 57. Rc4 Bd6 58.
g5 Kg7 59. Kg4 Rc7 60. Rd4 Bc5 61. h6+ Kh7 62. Rd8 Be3 63. f5 Rc1 64. Rd7+ Kg8 65.
h7+ Kh8 66. g6 Rc8 67. f6 Bc1 68. Rd1 Bb2 69. Rf1 Bxf6 70. Rxf6 Kg7 71. Rd6 Rc4+ 72. Kf5 Rc5+ 73. Kf4 Rc4+ 74. Ke5 Rc5+ 75. Rd5 Rc8 76.
Kf5 Rc7 77. Kg5 Rb7 78. Rf5 Kh8 79. Rf8+ Kg7 80. h8=Q# 1-0

[Event "Early-Titled-Tuesday-Blitz-February-13-2024"]
[Site "Chess.com"]
[Date "2024.02.13"]
[Round "6"]
[White "Lady_Nika"]
[Black "theoneandonlydaaevik"]
[Result "0-1"]
[WhiteElo "2595"]
[BlackElo "2511"]
[TimeControl "180+1"]
[EndTime "9:12:03 PST"]
[Termination "theoneandonlydaaevik won by resignation"]

1. d4 d5 2. e3 Nf6 3. f4 c5 4. Nf3 Bg4 5. c3 Nc6 6. Be2 e6 7. Ne5 Bxe2 8. Qxe2 Bd6 9. O-O Ne4 10. Nd2 Nxd2 11.
Bxd2 O-O 12. Nxc6 bxc6 13. e4 cxd4 14. cxd4 dxe4 15. Qxe4 Be7 16. f5 c5 17. Bc3 Bf6 18. dxc5 Bxc3 19. bxc3 exf5 20. Rxf5 Rc8 21. Raf1 Qd2 22.
Qc4 Rc7 23. c6 Qd6 24. Rc5 Rfc8 25. a4 Qe6 26. Rd1 Qe3+ 27. Kh1 h6 28. h3 Kh7 29. Rd6 Re7 30. Qd4 Qg3 31. Qd3+ Qxd3 32. Rxd3 Re6 33. c7 Re7 34. Rd8 Rcxc7 35. Rdd5 g6 36. Kg1 Kg7 37. a5 Kf6 38. a6 Rxc5 39. Rxc5 Re6 40. Ra5 Rc6 41.
Ra3 Ke5 42. Kf2 Kd5 43. Ke2 Kc4 44. Kd2 Kb5 45. Kd3 Rxa6 46. c4+ Kb6 47. Rb3+ Kc5 48. Rb5+ Kc6 49. Kd4 Ra3 50. Rc5+ Kd6 51. Rd5+ Kc7 52.
Re5 Kd6 53. Re8 Ra2 54. g4 Rd2+ 55. Kc3 Rh2 56. Re3 f5 57. gxf5 gxf5 58. Kd4 f4 59. c5+ Kc6 60. Re6+ Kd7 61. Rxh6 f3 62. Kd5 Rd2+ 63.
Ke4 f2 64. c6+ Kc7 65. Rf6 Rc2 66. Ke3 a5 67. Rf3 Rc3+ 68. Kxf2 Rxf3+ 69. Kxf3 a4 70. Kg4 a3 71. Kg5 a2 72. Kg6 a1=Q 73. h4 Qh8 0-1

[Event "Early-Titled-Tuesday-Blitz-February-13-2024"]
[Site "Chess.com"]
[Date "2024.02.13"]
[Round "6"]
[White "Rozhkov_V"]
[Black "Stewie_89"]
[Result "1-0"]
[WhiteElo "2399"]
[BlackElo "2557"]
[TimeControl "180+1"]
[EndTime "9:12:03 PST"]
[Termination "Rozhkov_V won on time"]

1. e4 d5 2. exd5 Qxd5 3. Nc3 Qa5 4. d4 c6 5. Nf3 Nf6 6. Bc4 Bg4 7. h3 Bxf3 8. Qxf3 e6 9. Bd2 Qb6 10. O-O-O Be7 11.
g4 Nbd7 12. Be3 Nd5 13. Ne4 O-O 14. h4 Nxe3 15. fxe3 c5 16. g5 cxd4 17. exd4 Rac8 18.
Bd3 Qa5 19. Kb1 Rc6 20. h5 Bxg5 21. Rdg1 Bh6 22. Nf6+ Nxf6 23. Qxf6 Kh8 24. Qe7 Qd8 25. Qb4 Rb6 26. Qc4 Qd7 27. Qc5 Rc8 28. Qe5 Qd6 29. Qe4 f5 30. Qh4 Qb4 31. b3 a5 32.
Qe1 Bd2 33. Qe5 Bh6 34. Rg6 hxg6 35. hxg6 Kg8 36. Bxf5 Qd6 37. Qxa5 exf5 38. Qxf5 Rf8 39. Qd3 Rc6 40. a4 Qa3 41. Re1 Rcf6 42. Qc4+ Kh8 43.
Rh1 Qe7 44. Qd3 Qd6 45. Kb2 Rf3 46. Qc4 Rd8 47. Rh4 Qg3 48. Rh5 Qg4 49. Rh1 Qxd4+ 50.
Qxd4 Rxd4 51. Re1 Rd8 52. Re7 Rf6 53. Rxb7 Rxg6 54. a5 Ra6 55. b4 Be3 56. Kb3 g5 57. Ka4 Bd2 58. c4 g4 59. Re7 g3 60. Re2 Kg7 61.
Rg2 Be1 62. Kb5 Raa8 63. a6 Bf2 64. Ka5 Kf6 65. b5 Rdc8 66. b6 Rc5+ 67. Kb4 Rxa6 68.
Rxf2+ gxf2 69. Kxc5 f1=Q 70. b7 Qb1 71. b8=Q Qb7 72.
Kd4 Qb1 73. Qxb1 Rd6+ 74. Kc5 1-0

[Event "Early-Titled-Tuesday-Blitz-February-13-2024"]
[Site "Chess.com"]
[Date "2024.02.13"]
[Round "6"]
[White "secretsuperstar7"]
[Black "dealshark"]
[Result "1-0"]
[WhiteElo "2519"]
[BlackElo "2295"]
[TimeControl "180+1"]
[EndTime "9:12:06 PST"]
[Termination "secretsuperstar7 won by checkmate"]

1. c4 Nf6 2. Nc3 d5 3. cxd5 Nxd5 4. d4 c5 5. e4 Nxc3 6. bxc3 e6 7. Nf3 Nc6 8. d5 exd5 9. exd5 Nb8 10. Bd3 Be7 11.
O-O Bg4 12. Bb5+ Nd7 13. d6 Bf6 14. Re1+ Kf8 15. Bd2 a6 16. Be2 h5 17. h3 Bf5 18.
Qb3 b5 19. a4 Be6 20. Qc2 b4 21. Rab1 b3 22. Qe4 Rb8 23. Bxa6 g6 24. c4 Bf5 25. Qe2 Bxb1 26. Rxb1 Kg7 27. Bb5 Re8 28. Qd3 Re6 29. Rxb3 Ne5 30. Nxe5 Rxd6 31. Qg3 Rxd2 32. Nc6 Rd1+ 33.
Kh2 h4 34. Qxb8 Qxb8+ 35. Nxb8 Be5+ 36. g3 hxg3+ 37. fxg3 Rd2+ 38. Kg1 Bxb8 39. a5 Ra2 40. a6 Be5 41. Rd3 Bd4+ 42. Kf1 Kf6 43. Rf3+ Ke7 44. Rf4 Ra1+ 45. Ke2 Ra2+ 46. Kf3 Ra3+ 47. Kg2 f6 48. Rf3 Ra2+ 49. Kf1 Kd6 50. Rd3 Ra1+ 51. Kg2 Ra2+ 52.
Kf1 Ra1+ 53. Ke2 Ra2+ 54. Rd2 Ra3 55. Rd3 Ra2+ 56. Kf3 f5 57. g4 Rf2+ 58. Kg3 f4+ 59. Kh4 Rg2 60. g5 Ke5 61. a7 Ra2 62. Bc6 Rxa7 63. Kg4 f3 64. Rxf3 Re7 65. Bd5 Kd6 66.
Rf6+ Bxf6 67. gxf6 Re8 68. f7 Rf8 69. Kg5 Ke7 70.
Kxg6 Rxf7 71. Bxf7 Kd6 72. Bd5 Ke5 73. h4 Kd4 74. h5 Kc3 75. h6 Kb4 76. h7 Kc3 77.
h8=Q+ Kb4 78. Qc8 Ka4 79. Qxc5 Kb3 80. Qc8 Ka2 81. c5+ Kb2 82. c6 Ka1 83. c7 Kb1 84.
Qb8+ Ka1 85. Qa7+ Kb2 86. c8=Q Kb1 87. Qcb8+ Kc2 88. Qc5+ Kd3 89. Qg3+ Ke2 90. Qce3+ Kf1 91. Qef2# 1-0

[Event "Early-Titled-Tuesday-Blitz-February-13-2024"]
[Site "Chess.com"]
[Date "2024.02.13"]
[Round "6"]
[White "FredddieCroderg"]
[Black "VinzentSpitzl"]
[Result "1/2-1/2"]
[WhiteElo "2324"]
[BlackElo "2508"]
[TimeControl "180+1"]
[EndTime "9:12:06 PST"]
[Termination "Game drawn by repetition"]

1. e4 c5 2. Bc4 Nc6 3. Qf3 e6 4.
d3 Nge7 5. Nc3 a6 6. Nge2 b5 7. Bb3 g6 8. a4 b4 9. Nd1 Bg7 10.
Ne3 O-O 11. h4 Nd4 12. Nxd4 cxd4 13. Ng4 f5 14. Nh6+ Kh8 15. h5 Bb7 16. hxg6 Nxg6 17. Qh3 Be5 18. exf5 Nf4 19. Bxf4 Bxf4 20. Ng4 Rf7 21.
fxe6 dxe6 22. Qh5 Qe7 23. Ne5 Bxe5 24. Qxe5+ Qf6 25. Qxf6+ Rxf6 26. O-O-O Bxg2 27. Rh2 Bf3 28. Re1 Rg8 29. Kb1 Rgg6 30. Ka2 h5 31. Bc4 a5 32. Kb3 Kg7 33. Re5 Rf5 34. Rxe6 Rxe6 35. Bxe6 Rg5 36. Kc4 Kf6 37. Bd7 Ke7 38. Bb5 Kd6 39.
Kxd4 Rg2 40. Rxg2 Bxg2 41. Ke3 Bf1 42. f4 h4 43. Kf2 Bh3 44. c3 b3 45. d4 Bf5 46.
Bf1 Kd5 47. Ke3 h3 48. c4+ Kd6 49. Kf2 Bg4 50. Kg3 Bf5 51. Bxh3 Bd3 52. c5+ Kd5 53. Bg2+ Kxd4 54. c6 Ba6 55. c7 Ke3 56. Bh3 Kd2 57.
c8=Q Bxc8 58. Bxc8 Kc2 59. Be6 Kxb2 60. Bxb3 Kxb3 61.
f5 Kxa4 62. f6 Kb3 63. f7 a4 64. f8=Q a3 65. Qf3+ Kb2 66. Qe2+ Kb1 67. Qd1+ Kb2 68. Qd2+ Kb1 69. Qd3+ Kb2 70. Qb5+ Ka1 71. Qe5+ Kb1 72. Qe4+ Kb2 73. Qd4+ Kb1 74. Qd3+ Kb2 75. Qb5+ Ka1 76. Qf1+ Kb2 77. Qe2+ Kb1 78. Qd1+ Kb2 79. Qd2+ Kb1 80. Qd3+ 1/2-1/2